 Dungeon Crawl Stone Soup version 0.31.0-12-g77e489cdc1 (webtiles) character file.

Game seed: 14471718219140803465

195 H0rd4k the Insei (level 5, -5/35 HPs)
             Began as an Octopode Artificer on Feb 28, 2024.
             Killed themself with a badly aimed iceblast (21 damage)
             ... on level 4 of the Dungeon on Feb 29, 2024.
             The game lasted 00:02:58 (2204 turns).

H0rd4k the Insei (Octopode Artificer)               Turns: 2204, Time: 00:02:59

Health: -5/35      AC:  1    Str: 11    XL:     5   Next: 74%
Magic:  5/5        EV: 13    Int: 15    God:
Gold:   124        SH:  0    Dex: 13    Spells: 1/4 levels left

rFire   + .          .
                       - Unarmed
rCold   . . .        (no shield)
rNeg    . . .        (helmet restricted)
rPois   .            (no amulet)
rElec   .            a - ring of protection from fire
rCorr   .            i - ring of wizardry
SInv    .            (no ring)
Will    .....        (no ring)
Stlth   +++          (no ring)
HPRegen 0.25/turn    (no ring)
MPRegen 0.09/turn    (no ring)
                     (no ring)

%: wizardry (x1)
@: lethally poisoned (-5 -> -16)
A: almost no armour, amphibious, 8 rings, camouflage 1, gelatinous body 1,
(nimble swimmer 1), tentacles
a: no special abilities


You were on level 4 of the Dungeon.
You visited 1 branch of the dungeon, and saw 4 of its levels.

You collected 124 gold pieces.

Inventory:

Missiles
 j - 6 poisoned darts
 k - 2 throwing nets
Jewellery
 a - a ring of protection from fire (left tentacle)
 i - a ring of wizardry (right tentacle)
Wands
 b - a wand of flame (41) (quivered)
 c - a wand of charming (25)
 d - a wand of iceblast (5)
Scrolls
 e - a scroll of identify {unknown}
 m - a scroll of teleportation {unknown}
Potions
 f - a potion of mutation {unknown}
 g - a potion of magic {unknown}
 h - 2 potions of resistance {unknown}
 l - 2 potions of enlightenment {unknown}
 n - a potion of curing {unknown}


   Skills:
 + Level 2.6 Fighting
 - Level 2.3 Dodging
 - Level 1.3 Stealth
 + Level 4.5 Unarmed Combat
 * Level 0.2 Hexes
 - Level 3.2 Evocations


You had one spell level left.
You knew the following spells:

 Your Spells              Type           Power      Damage    Failure   Level
a - Confusing Touch       Hex            0%         N/A       28%         3

Your spell library contained the following spells:

 Spells                   Type           Power      Damage    Failure   Level
 Kiss of Death            Conj/Necr      0%         2d5       11%         1
 Dispel Undead            Necr           0%         3d6       69%         4


Dungeon Overview and Level Annotations

Branches:
Dungeon (4/15)
 Temple: D:4-7

Altars:
Trog

Annotations:
D:2 Robin
D:3 3 runed translucent doors, exclusion: 3 doors, Doomgape's ghost, amateur GrFi


Innate Abilities, Weirdness & Mutations

You cannot wear most types of armour.
You are amphibious.
You can wear up to eight rings at the same time.
Your skin changes colour to match your surroundings (Stealth+).
Your rubbery body absorbs attacks. (AC +1, EV +1)
((You are camouflaged when in or above water. (Stealth+)))
You have tentacles for arms and can constrict up to eight enemies at once.


Message History

r - Retreat! s - Stop attacking. g - Guard the area. f - Follow me.
Anything else - Cancel.
You shout for attention!
You hear a bark!
You hear a shout!
You hear a bark!
An orc wizard comes into view. It is wielding a +0 dagger.
Your hornet barely misses the orc wizard.
An orc comes into view. It is wielding a +0 morningstar.
The orc wizard casts a spell.
The orc wizard flickers and vanishes!
Deactivating autopickup; reactivate with Ctrl-A.
Your hornet closely misses something.
The orc misses your hornet.
You feel a bit more experienced.
You see here a ball python corpse.
You feel a bit more experienced.
A kobold comes into view.
It is wielding a +0 short sword and quivering poisoned darts.
You are confused.
You're too confused to move!
The kobold throws a poisoned dart.
The poisoned dart hits you!
You are poisoned.
You're too confused to move!
You feel very sick.
You feel a bit more experienced.
The kobold throws a poisoned dart.
You feel sick. Something hits you.
The kobold throws a poisoned dart.
The poisoned dart hits you!
You are more poisoned.
You closely miss something. Your squeeze misses something.
You feel less confused.
You feel very sick. Something hits you.
You tentacle-slap something.
You feel very sick. Something hits you.
Aiming: Iceblast
Press: ? - help, Shift-Dir - straight line, f - kobold
Aim: a kobold, wielding a +0 short sword and quivering poisoned darts The mass of ice explodes!
The iceblast engulfs something!
Reactivating autopickup.
You feel a bit more experienced. The iceblast engulfs you!!
Ouch! That really hurt!
You die...

.....# # #o{.## ..#
.......##o##y..##.#
........#.........#
.........# #.....###..
.........# ###.........
...........# ###†...#..#..
#..........###...##..#....
#...........)K.### #.# #..
.# ##.........@#....# ..#
. .# #..........#####..#
### .# #..........# ...#
##. #..........# .... #..
#..........# .....
#.####.......>..# ....
..##...........## ....
.....###......## .<####
########


You could see a kobold.

Vanquished Creatures
  A bombardier beetle (D:3)
  A hound (D:2)
  An orc priest (D:3)
  An orc wizard (D:4)
  An adder (D:2)
  4 ribbon worms
  3 dart slugs
  4 orcs (D:3)
  5 ball pythons
  5 bats
  7 endoplasms
  2 giant cockroaches
  9 goblins
  A hobgoblin (D:1)
  6 jackals
  A quokka (D:2)
  3 frilled lizards
  5 kobolds
  5 rats
65 creatures vanquished.

Vanquished Creatures (collateral kills)
  3 orcs (D:4)
  An endoplasm (D:4)
4 creatures vanquished.

Vanquished Creatures (others)
  Terence (D:3)
1 creature vanquished.

Grand Total: 70 creatures vanquished

Notes
Turn   | Place    | Note
-------+----------+-------------------------------------------
     0 | D:1      | H0rd4k the Octopode Artificer began the quest for the Orb.
     0 | D:1      | Reached XP level 1. HP: 13/13 MP: 1/1
    21 | D:1      | Found a faded altar of an unknown god.
    91 | D:1      | Reached skill level 1 in Unarmed Combat
    92 | D:1      | Reached XP level 2. HP: 7/18 MP: 2/2
   579 | D:1      | Reached skill level 2 in Unarmed Combat
   781 | D:2      | Reached XP level 3. HP: 23/23 MP: 3/3
  1020 | D:2      | Reached skill level 3 in Unarmed Combat
  1020 | D:2      | Reached XP level 4. HP: 16/29 MP: 4/4
  1374 | D:2      | Found a bloodstained altar of Trog.
  1379 | D:2      | Noticed Robin
  1684 | D:3      | Noticed Terence
  1695 | D:3      | Your ally Terence died
  1704 | D:3      | Reached skill level 4 in Unarmed Combat
  1704 | D:3      | Reached XP level 5. HP: 20/35 MP: 5/5
  2131 | D:3      | Found a runed translucent gate.
  2131 | D:3      | Found a runed translucent gate.
  2131 | D:3      | Found a runed translucent gate.
  2131 | D:3      | Noticed Doomgape's ghost (amateur GrFi)
  2142 | D:3      | Learned a level 3 spell: Confusing Touch
  2184 | D:4      | Noticed a hornet
  2204 | D:4      | Killed themself with a badly aimed iceblast

Illustrated notes

Levels and vault maps discovered:
D:1:      ncdulo_watergridlock, layout_basic, ebering_ecumenical_altar_hall,
          kennysheep_decorative_pillar, minmay_misc_feat_x,
          minmay_misc_feat_secret_circle
D:2:      layout_loops_cross, basic_altar, uniq_robin
D:3:      layout_rooms, ebering_ghost_rock_garden, uniq_terence
D:4:      layout_rooms

Skill      XL: |  1  2  3  4 |
---------------+-------------+-----
Unarmed Combat | 1 2 3 4 |  4.5
Fighting       | 2 |  2.6
Dodging        | |  2.3
Stealth        | |  1.3
Hexes          | |  0.2
Evocations     | |  3.2

Action                     |  1- 3 |  4- 6 || total
---------------------------+-------+-------++-------
  Melee: Unarmed           |    63 |    85 ||   148
         Constrict         |    17 |    23 ||    40
         Tentacles         |    15 |    16 ||    31
         Punch             |     3 |     1 ||     4
  Evoke: Wand              |       |     2 ||     2
   Stab: Sleeping          |     2 |     5 ||     7
         Distracted        |       |     1 ||     1
 Armour: Skin              |    34 |    44 ||    78
  Dodge: Dodged            |    49 |    46 ||    95
